 Dungeon Crawl Stone Soup version 0.16.1-28-gcc2312f (webtiles) character file.

529 sqallbeste the Shield-Bearer (level 7, 0/55 HPs)
             Began as a Formicid Fighter on May 26, 2015.
             Was a Follower of Trog.
             Killed from afar by the fury of Makhleb (4 damage)
             ... with a splash of acid
             ... on level 9 of the Dungeon.
             The game lasted 00:23:43 (3527 turns).

sqallbeste the Shield-Bearer (Formicid Fighter)     Turns: 3527, Time: 00:23:43

Health: 0/55       AC:  9    Str: 22    XL:     7   Next: 48%
Magic:  9/9        EV:  9    Int:  8    God:    Trog [*.....]
Gold:   137        SH: 10    Dex: 10    Spells: 0 memorised, 6 levels left

rFire  . . .     SeeInvis +     a - +1 war axe
rCold  . . .     Clarity  .     k - +0 chain mail
rNeg   . . .     SustAb   .     c - +0 shield
rPois  .         Gourm    .     (helmet unavailable)
rElec  .         Spirit   .     (no cloak)
rCorr  .         Warding  .     (no gloves)
rMut   .         Stasis   +     (no boots)
MR     .....                    (no amulet)
Stlth  ..........               (no ring)
                                i - +2 ring of evasion

@: not resistant to hostile enchantments, extremely unstealthy
A: permanent stasis, dig shafts and tunnels, four strong arms, antennae 3
a: Dig, Shaft Self, Burn Spellbooks, Renounce Religion


You were on level 9 of the Dungeon.
You worshipped Trog.
Trog was aware of your devotion.
You were very hungry.

You visited 2 branches of the dungeon, and saw 7 of its levels.

You collected 137 gold pieces.

Inventory:

Hand weapons
 a - a +1 war axe (weapon)
 e - a +0 giant club
Armour
 b - a +0 scale mail
 c - a +0 shield (worn)
 k - a +0 chain mail (worn)
 n - a +0 leather armour of fire resistance
 o - a +0 helmet
Jewellery
 i - a +2 ring of evasion (left hand)
Magical devices
 m - a wand of confusion (20)
Scrolls
 g - 2 scrolls of remove curse
 h - 5 scrolls of enchant weapon
 l - 2 scrolls of identify
Comestibles
 d - a bread ration
 f - 2 royal jellies
 j - 2 meat rations


   Skills:
 * Level 4.8 Fighting
 * Level 4.4 Axes
 * Level 4.5 Armour
 + Level 2.1 Dodging
 * Level 5.5 Shields


You had 6 spell levels left.
You didn't know any spells.

Dungeon Overview and Level Annotations

Branches:
Dungeon (9/15)             Temple (1/1) D:4
   Lair: D:8-11         Orc: D:9-12

Altars:
Ashenzari
Cheibriados
Dithmenos
Elyvilon
Fedhas
Gozag
Kikubaaqudgha
Makhleb
Nemelex Xobeh
Okawaru
Qazlal
Ru
Sif Muna
Trog
Vehumet
Yredelemnul


Innate Abilities, Weirdness & Mutations

You are under a permanent stasis effect.
You can dig through walls and to a lower floor.
Your four strong arms can wield two-handed weapons with a shield.
You have a pair of large antennae on your head (SInv).


Message History

The shaft crumbles and collapses.
A giant frog and a zombie come into view.
The giant frog croaks.
Found a metal-bound book.
Use which ability? (? or * to list) Are you sure you want to shaft yourself?
You are feeling very hungry.
The giant frog hits you.
* * * LOW HITPOINT WARNING * * *
You begin to dig a shaft.
You continue digging a shaft.
The giant frog hits you but does no damage.
The giant frog hits you.
* * * LOW HITPOINT WARNING * * *
A shaft appears beneath you!
You fall through a shaft for 2 floors!
The shaft crumbles and collapses.
Found 20 gold pieces and a leather armour.
Makhleb rains destruction down upon you!
The splash of acid hits you!
You die...

. #. ###.
###...
.....
.... ###
##..#.$#{
#......#
#@.#
#.......#
{
#.......#
...###...
.... ..
..#.[# ..
### ... .


There were no monsters in sight!

Vanquished Creatures
  A ynoxinul (D:4)
  An ogre (D:4)
  A gnoll shaman (D:4)
  3 hounds
  2 orc wizards (D:4)
  4 worker ants
  6 gnolls
  A giant mite (D:1)
  5 adders
  3 ufetubi (D:4)
  A giant gecko (D:1)
  4 orcs
  3 giant cockroaches
  9 hobgoblins
  13 kobolds
  2 ball pythons
  8 bats
  3 giant newts
  10 goblins
  9 jackals
  8 rats
  A plant (D:1)
98 creatures vanquished.

Notes
Turn   | Place    | Note
--------------------------------------------------------------
     0 | D:1      | sqallbeste, the Formicid Fighter, began the quest for the Orb.
     0 | D:1      | Reached XP level 1. HP: 18/18 MP: 1/1
   198 | D:1      | Reached XP level 2. HP: 14/24 MP: 3/3
   455 | D:1      | Reached skill level 4 in Shields
   455 | D:1      | Reached XP level 3. HP: 27/30 MP: 4/4
   880 | D:1      | You fall through a shaft!
   996 | D:2      | Reached XP level 4. HP: 33/37 MP: 5/5
  1242 | D:2      | Reached skill level 1 in Dodging
  1293 | D:2      | Found a snail-covered altar of Cheibriados.
  1713 | D:3      | Reached XP level 5. HP: 28/42 MP: 7/7
  1856 | D:3      | Found a burning altar of Makhleb.
  1890 | D:3      | Became a worshipper of Makhleb the Destroyer
  2461 | D:4      | Found a staircase to the Ecumenical Temple.
  2496 | Temple   | Entered the Ecumenical Temple
  2619 | Temple   | Fell from the grace of Makhleb
  2619 | Temple   | Became a worshipper of Trog the Wrathful
  2722 | D:4      | Reached XP level 6. HP: 11/48 MP: 8/8
  2917 | D:4      | Noticed a ynoxinul
  2923 | D:4      | Killed a ynoxinul
  3012 | D:4      | Noticed an ogre
  3025 | D:4      | Killed an ogre
  3044 | D:4      | Reached skill level 5 in Shields
  3099 | D:3      | Reached XP level 7. HP: 52/54 MP: 9/9
  3393 | D:4      | Found a sparkling altar of Nemelex Xobeh.
  3404 | D:4      | Found a shattered altar of Ashenzari.
  3518 | D:4      | Acquired Trog's first power
  3522 | D:4      | You fall through a shaft for 3 floors!
  3525 | D:7      | You fall through a shaft for 2 floors!
  3527 | D:9      | Killed from afar by the fury of Makhleb

Action                   |  1- 3 |  4- 6 |  7- 9 || total
-------------------------+-------+-------+-------++-------
Melee: War axe           |   100 |   183 |    51 ||   334
 Abil: Dig               |     3 |       |       ||     3
       Shaft Self        |       |       |     2 ||     2
  Use: Scroll            |     7 |     2 |     2 ||    11
       Potion            |     1 |     7 |       ||     8
  Eat: Bread ration      |       |     2 |       ||     2
